 Dungeon Crawl Stone Soup version 0.30-a0-718-geaa24f58ff (webtiles) character file.

Game seed: 7784925515287156314

140 lunkers the Chopper (level 5, 0/45 HPs)
             Began as a Meteoran Fighter on Jan 26, 2023.
             Was an Initiate of Hepliaklqana.
             Slain by an iguana (6 damage)
             ... on level 4 of the Dungeon.
             The game lasted 00:03:14 (1303 turns).

lunkers the Chopper (Meteoran Fighter)              Turns: 1303, Time: 00:03:14

Health: 0/45       AC:  6    Str: 17    XL:     5   Next: 76%
Magic:  6/6        EV:  9    Int: 10    God:    Hepliaklqana [......]
Gold:   128        SH:  5    Dex: 15    Spells: 4/4 levels left

rFire   . . .      SeeInvis .    a - +0 war axe
rCold   . . .      Faith    .    c - +0 buckler
rNeg    . . .      Spirit   .    b - +0 scale mail
rPois   .          Reflect  .    (no helmet)
rElec   .          Harm     .    (no cloak)
rCorr   .          Rampage  .    (no gloves)
Will    .....                    (no boots) Stlth
                                 (no amulet)
HPRegen 0.27/turn                (no ring)
MPRegen 0.10/turn                (no ring)

@: glowing
A: sense surroundings 1, otherworldly, glowing, explore regen
a: Renounce Religion


You were on level 4 of the Dungeon.
You worshipped Hepliaklqana.
Hepliaklqana was noncommittal.
You visited 1 branch of the dungeon, and saw 4 of its levels.

You collected 128 gold pieces.

Inventory:

Hand Weapons
 a - a +0 war axe (weapon)
Armour
 b - a +0 scale mail (worn)
 c - a +0 buckler (worn)
 g - a scarf of harm
Scrolls
 f - a scroll of fear {unknown}
 i - 4 scrolls of identify {unknown}
 j - a scroll of immolation {unknown}
Potions
 d - a potion of might
 e - 2 potions of curing {unknown}
 h - a potion of brilliance {unknown}
 k - a potion of heal wounds {unknown}
 l - a potion of berserk rage {unknown}


   Skills:
 - Level 3.2 Fighting
 + Level 6.3 Axes
 - Level 3.6 Armour
 - Level 3.6 Shields


You had 4 spell levels left.
You didn't know any spells.
Your spell library was empty.

Dungeon Overview and Level Annotations

Branches:
Dungeon (4/15) Zot: 1050
 Temple: D:4-7

Altars:
Hepliaklqana
Vehumet

Shops:
D:4 :


Innate Abilities, Weirdness & Mutations

You passively map a small area around you.
You are easily found by Zot.
You glow in the dark.
You regain HP and MP as you explore.


Message History

You slash the endoplasm!
You kill the endoplasm!
No target in view!
No target in view!
No target in view!
No target in view!
No target in view!
No target in view!
No target in view!
No target in view!
No target in view!
Found a leather armour.
Found 10 gold pieces.
There is an entrance to Eqaniel's Book Shoppe here.
There is a stone staircase leading up here.
You now have 128 gold pieces (gained 10).
An iguana comes into view.
An iguana is nearby!
An iguana is nearby!
You barely miss the iguana. The iguana bites you. x2
You slash the iguana!
The iguana is heavily wounded.
The iguana bites you!
* * * LOW HITPOINT WARNING * * *
You hit the iguana but do no damage.
The iguana is moderately wounded.
The iguana bites you!
* * * LOW HITPOINT WARNING * * *
You hit the iguana.
The iguana is heavily wounded.
You block the iguana's attack.
Unknown command.
You hit the iguana.
The iguana is severely wounded.
The iguana bites you!
* * * LOW HITPOINT WARNING * * *
You barely miss the iguana.
The iguana is severely wounded.
The iguana bites you.
You die...

#.#+#.#.#.#...........#.
##.#.#.#.#.#[...∩....#.#
#.#.#.#.#.#.#.........##
*
#.#.#.#.#.#.#8...>..#.#
*
,#.#.#.#.#.#.#.......##
, #.#.#.#.#.#......)#)#
* ,
,#.#.#.#.#.#.#.#.#.#. *
* #.#.#.#.#.#.#.#.#.#.†
#.#.#@#.#.#.#.#.#.#.#.
#.#.#l#.#.#.#.#.#.#.#..
#.#.#.# #.#.#.#.#.#.#>#.
,
##.#.#,*,#.#.#.#.#.#)#.#
..#.#, #.#.#.#.#.#.## ,
, ##.#, * #.#.#.#.#)#.#
, #.# * #.#.#.#.#)## ##
#.#.#.#.#)# *,* *
#.#.#.#.##


You could see an iguana.

Vanquished Creatures
  An orc priest (D:4)
  6 adders
  A worm (D:2)
  8 orcs
  3 endoplasms
  5 giant cockroaches
  3 goblins
  3 hobgoblins
  4 kobolds
  3 quokkas
  3 ball pythons (D:3)
  A frilled lizard (D:2)
  4 rats
45 creatures vanquished.

Notes
Turn   | Place    | Note
-------+----------+-------------------------------------------
     0 | D:1      | lunkers the Meteoran Fighter began the quest for the Orb.
     0 | D:1      | Reached XP level 1. HP: 19/19 MP: 2/2
   155 | D:1      | Reached skill level 3 in Axes
   155 | D:1      | Reached XP level 2. HP: 26/26 MP: 3/3
   200 | D:1      | Found a faded altar of an unknown god.
   429 | D:2      | Reached skill level 4 in Axes
   429 | D:2      | Reached XP level 3. HP: 31/31 MP: 4/4
   608 | D:3      | Reached XP level 4. HP: 13/38 MP: 5/5
   711 | D:3      | Reached skill level 5 in Axes
   939 | D:3      | Identified the +1 leather armour "Pelox" {Int+5 SInv}
   984 | D:3      | Reached XP level 5. HP: 38/45 MP: 6/6
  1064 | D:4      | Found a radiant altar of Vehumet.
  1064 | D:4      | Found a hazy altar of Hepliaklqana.
  1114 | D:4      | Became a worshipper of Hepliaklqana the Forgotten
  1246 | D:4      | Reached skill level 6 in Axes
  1250 | D:4      | Found Eqaniel's Book Shoppe.
  1303 | D:4      | Slain by an iguana

Illustrated notes

Levels and vault maps discovered:
D:1:      saegor_arrival_simple_a, layout_loops_ring,
          ebering_ecumenical_altar_abandoned, minmay_worlds_worst_comb
D:2:      layout_basic, serial_shops, nicolae_diamond_shop, nrook_loot_triangle
D:3:      layout_basic
D:4:      layout_basic, nicolae_overflow_two_pavilions, ldierk_geyser,
          nicolae_stop_n_shop_1

Skill      XL: |  1  2  3  4  5 |
---------------+----------------+-----
Axes           | 3 4 5 6 |  6.3
Fighting       | |  3.2
Armour         | |  3.6
Shields        | |  3.6

Action                     |  1- 3 |  4- 6 || total
---------------------------+-------+-------++-------
  Melee: War axe           |    80 |    76 ||   156
 Armour: Scale mail        |    41 |    30 ||    71
  Dodge: Dodged            |    34 |    27 ||    61
  Block: Buckler           |    20 |    28 ||    48

Table legend: (Time is in decaauts)
 A = Elapsed time spent in this place.
 B = Non-inter-level travel time spent in this place.
 C = Inter-level travel time spent in this place.
 D = Time resting spent in this place.
 E = Time spent auto-exploring this place.
 F = Levels seen in this place.
 G = Mean time per level.
                   A        B        C        D        E       F      G
               +--------+--------+--------+--------+--------+-----+--------+
         Total |   1348 |   1300 |     48 |      0 |    873 |   4 |  337.0 |
       Dungeon |   1348 |   1300 |     48 |      0 |    873 |   4 |  337.0 |
               +--------+--------+--------+--------+--------+-----+--------+

Top non-repeatable levels by time:
     D:3: 429 daAuts
     D:1: 329 daAuts
     D:4: 305 daAuts
     D:2: 284 daAuts
